AoeStats
← Coyunto90

Runestones

507744793Analyzed
1v1 RM · 13d ago on Sep 19, 2026· 59m 37s· 2 players
Game mode
Random Map
Map size
Tiny (2 player)
Population
200
Speed
Normal
Resources
Standard
Victory
Conquest
Starting age
Dark Age
Ending age
Imperial Age
RankedLock teamsTeams togetherTeam positionsShared explorationLock speedFull tech treeHidden civsTurbo modeCheats
Victory
Defeat
🇦🇺 Saracens · Australia
1109
+17
🇪🇸 Vietnamese · Spain
1122
-17
maxxroo1
6:21 Loom
9:45 Feudal Age
10:20 Horse Collar
10:37 Double-Bit Axe
18:04 Wheelbarrow
21:13 Castle Age
19:37 Fletching
20:05 Padded Archer Armor
20:31 Gold Mining
20:31 Stone Mining
21:46 Crossbowman
25:18 Bodkin Arrow
25:38 Leather Archer Armor
32:38 Leather Archer Armor
35:12 Bow Saw
35:08 Heavy Plow
39:03 Imperial Age
37:15 Ballistics
38:46 Masonry
38:59 Scale Barding Armor
39:54 Thumb Ring
40:05 Bracer
41:02 Capped Ram
41:14 Elite Skirmisher
41:50 Arbalester
43:49 Chemistry
43:26 Bloodlines
43:16 Husbandry
45:45 Husbandry
47:54 Light Cavalry
50:25 Forging
50:09 Heavy Camel Rider
51:29 Scale Mail Armor
52:40 Iron Casting
51:27 Pikeman
52:14 Squires
52:00 Arson
54:35 Hussar
56:50 Chain Barding Armor
56:45 Chain Mail Armor
57:31 Blast Furnace
57:57 Blast Furnace
57:31 Ring Archer Armor
57:42 Siege Ram
59:12 Plate Barding Armor
59:15 Plate Mail Armor
58:33 Arson
58:35 Gambesons
Coyunto90
7:33 Loom
9:34 Feudal Age
10:20 Double-Bit Axe
21:37 Castle Age
19:41 Horse Collar
20:30 Gold Mining
20:45 Fletching
21:22 Scale Mail Armor
22:15 Padded Archer Armor
22:37 Crossbowman
23:19 Bodkin Arrow
25:24 Squires
26:21 Bow Saw
29:45 Ballistics
31:23 Leather Archer Armor
38:40 Imperial Age
40:28 Chemistry
40:43 Bloodlines
40:34 Husbandry
41:37 Bracer
42:26 Murder Holes
43:52 Wheelbarrow
45:49 Chatras
46:45 Ring Archer Armor
48:43 Scale Barding Armor
49:02 Thumb Ring
51:33 Chain Barding Armor
54:39 Chain Barding Armor
54:34 Elite Skirmisher
57:30 Paper Money
58:53 Plate Barding Armor
Connection lost

Rejoining the realm…

Still unreachable

The connection could not be restored.

Session expired

The server has moved on; the page needs a fresh start.